Map: Frozen Temple

Players

puCK (Nina)

  • Race: Protoss Protoss
  • League: Grandmaster

Kelazhur - Winner!

  • Race: Terran Terran

Event: SpawningTool Invitational 1

VOD

https://www.youtube.com/watch?v=y051JGJX31k

Description

Time

  • Played on: May 30, 2016, 7:25 p.m.
  • Length: 10:27

All games in this series

Show
View Real Time Build Order
Export as new Build Order

puCK Protoss 

Build Orders: 1 Gate Expand 

Get SALT Encoding   

  12  0:01  Probe (Chrono Boost)  
  13  0:11  Probe (Chrono Boost)  
  14  0:17  Pylon  
  14  0:22  Probe (Chrono Boost)  
  16  0:35  Probe (Chrono Boost)  
  16  0:36  Gateway  
  16  0:43  Assimilator  
  16  0:46  Probe (Chrono Boost)  
  17  0:57  Probe (Chrono Boost)  
  18  1:07  Probe (Chrono Boost)  
  20  1:20  Nexus  
  19  1:30  Cybernetics Core  
  20  1:32  Probe (Chrono Boost)  
  20  1:44  Assimilator  
  21  1:47  Zealot (Chrono Boost)  
  21  1:51  Pylon  
  22  1:54  Probe  
  23  2:14  Mothership Core (Chrono Boost)  
  24  2:23  Adept (Chrono Boost)  
  25  2:31  Probe (Chrono Boost)  
  25  2:34  Probe (Chrono Boost)  
  27  2:41  Probe  
  28  2:45  Probe  
  28  2:46  Adept (Chrono Boost)  
  30  2:53  Warp Gate (Chrono Boost), Probe  
  30  2:57  Probe  
  32  3:05  Probe  
  33  3:09  Probe  
  34  3:16  Robotics Facility  
  34  3:17  Probe  
  35  3:26  Probe (Chrono Boost)  
  36  3:29  Adept  
  36  3:31  Probe (Chrono Boost)  
  39  3:43  Probe (Chrono Boost)  
  40  3:52  Pylon  
  40  3:53  Gateway  
  40  4:04  Immortal  
  41  4:27  Probe (Chrono Boost)  
  41  4:30  Probe (Chrono Boost)  
  43  4:31  Gateway  
  43  4:33  Gateway  
  43  4:34  Pylon  
  43  4:38  Probe (Chrono Boost)  
  44  4:43  Probe (Chrono Boost)  
  43  4:49  Probe (Chrono Boost)  
  44  4:55  Probe (Chrono Boost)  
  44  4:59  Stalker  
  46  5:02  Probe (Chrono Boost)  
  47  5:09  Stalker  
  47  5:21  Probe (Chrono Boost)  
  47  5:24  Probe (Chrono Boost)  
  48  5:33  Probe (Chrono Boost)  
  49  5:37  Probe (Chrono Boost)  
  49  5:41  Warp Prism (Chrono Boost)  
  52  5:47  Probe  
  51  5:56  Probe  
  52  5:57  Stalker  
  52  5:59  Sentry  
  52  6:01  Probe  
  57  6:09  Pylon  
  57  6:10  Probe  
  58  6:13  Probe  
  59  6:20  Stalker  
  61  6:31  Probe  
  62  6:34  Probe  
  63  6:44  Probe  
  63  6:46  Probe  
  65  6:49  Pylon  
  65  6:54  Pylon  
  65  6:55  Robotics Bay  
  65  6:56  Probe  
  65  6:58  Probe  
  67  7:04  Assimilator  
  67  7:07  Assimilator  
  67  7:08  Probe  
  68  7:10  Probe  
  68  7:11  Twilight Council  
  68  7:14  Pylon  
  68  7:15  Observer (Chrono Boost)  
  70  7:20  Probe  
  70  7:22  Sentry, Probe  
  73  7:23  Sentry  
  76  7:36  Forge, Gravitic Drive (Chrono Boost)  
  76  7:38  Observer (Chrono Boost)  
  76  7:39  Gateway  
  76  7:40  Gateway  
  77  7:48  Blink  
  77  7:57  Disruptor (Chrono Boost)  
  80  8:05  Stalker x2  
  84  8:06  Pylon  
  84  8:09  Pylon  
  84  8:10  Protoss Ground Armor Level 1  
  84  8:28  Disruptor (Chrono Boost)  
  87  8:35  Probe x2  
  89  8:41  Pylon  
  89  8:47  Stalker x3  
  89  8:48  Nexus  
  95  8:51  Pylon  
  95  8:54  Probe  
  95  8:55  Pylon x2, Probe  
  97  9:06  Probe, Disruptor (Chrono Boost)  
  97  9:07  Probe  
  102  9:16  Robotics Facility  
  102  9:37  Disruptor (Chrono Boost)  
  102  9:38  Stalker x3  
  99  9:58  Gateway  
  99  10:00  Gateway  
  99  10:02  Stalker x3  
  82  10:20  Stalker  
Show
View Real Time Build Order
Export as new Build Order

Kelazhur Terran - Winner!

Build Orders: Cyclone Opening, MMM Bio 

Get SALT Encoding   

  12  0:00  SCV  
  13  0:12  SCV  
  14  0:18  Supply Depot  
  14  0:25  SCV  
  15  0:39  SCV  
  15  0:40  Barracks  
  16  0:46  Refinery  
  16  0:52  SCV  
  16  0:55  Refinery  
  17  1:04  SCV  
  18  1:16  SCV  
  19  1:27  Reaper  
  19  1:28  Orbital Command  
  20  1:33  Supply Depot  
  20  1:45  Factory  
  20  1:56  SCV  
  20  1:59  Reaper  
  22  2:10  SCV  
  23  2:26  SCV  
  23  2:29  Factory Tech Lab  
  24  2:33  Starport  
  24  2:38  SCV  
  25  2:47  Cyclone  
  25  2:50  Supply Depot  
  29  2:52  SCV  
  29  2:55  Liberator  
  30  3:09  SCV  
  34  3:19  Command Center  
  34  3:25  SCV  
  35  3:33  Supply Depot  
  35  3:42  SCV  
  35  3:47  Barracks  
  36  3:48  Barracks  
  36  3:54  SCV  
  37  4:06  SCV  
  38  4:10  Liberator  
  38  4:18  SCV  
  38  4:20  Marine  
  38  4:21  Stimpack  
  35  4:30  Widow Mine  
  35  4:31  SCV  
  40  4:36  Marine x2  
  40  4:37  Orbital Command  
  42  4:41  Marauder  
  42  4:43  SCV  
  45  4:54  Marine x2  
  45  4:58  SCV  
  48  5:02  Marauder  
  50  5:08  Orbital Command  
  50  5:11  Marine x2  
  52  5:24  Marauder  
  54  5:29  Marine x2  
  54  5:30  Factory Reactor  
  54  5:31  Medivac  
  54  5:33  SCV x2  
  60  5:37  Supply Depot  
  60  5:45  SCV  
  60  5:47  Marine  
  62  5:58  Marine  
  62  5:59  Marauder  
  62  6:00  Supply Depot  
  62  6:01  Engineering Bay, SCV  
  62  6:02  Engineering Bay, Refinery  
  66  6:04  Bunker, Starport Reactor  
  66  6:05  SCV  
  67  6:13  SCV  
  67  6:17  Barracks Tech Lab  
  68  6:20  SCV  
  68  6:23  Supply Depot, Command Center  
  68  6:24  Marine x2  
  68  6:25  Marauder, SCV, Factory Reactor  
  74  6:28  Combat Shields  
  74  6:37  SCV  
  74  6:38  Terran Infantry Weapons Level 1, SCV  
  74  6:39  Terran Infantry Armor Level 1  
  76  6:44  Marauder  
  76  6:45  Marine x2  
  80  6:52  SCV  
  80  6:53  Supply Depot, SCV, Concussive Shells  
  82  6:54  Medivac x2  
  82  7:01  Refinery  
  86  7:12  Bunker  
  86  7:14  Marine x2  
  86  7:15  Marauder x2, SCV x2  
  93  7:24  Liberator  
  93  7:26  Barracks  
  93  7:27  SCV, Liberator  
  93  7:28  Barracks  
  94  7:36  Marine x2  
  98  7:37  Marauder, Orbital Command  
  98  7:39  Marauder  
  106  7:53  Armory  
  106  7:54  SCV x2  
  106  7:57  Supply Depot  
  108  7:58  Supply Depot  
  108  7:59  Marine  
  109  8:11  Supply Depot, Orbital Command  
  109  8:18  Marine x2, Marauder, SCV x2  
  115  8:20  Missile Turret  
  115  8:22  Supply Depot  
  115  8:25  Marine  
  116  8:28  Liberator x2  
  116  8:30  SCV x2  
  116  8:34  Barracks Reactor, Barracks Tech Lab, Widow Mine x2  
  118  8:37  SCV  
  126  8:41  Marauder x2  
  126  8:42  SCV  
  133  8:48  SCV  
  133  8:49  Supply Depot, SCV  
  133  8:51  Marine x2  
  133  8:54  SCV  
  138  8:56  Marauder  
  138  9:14  Supply Depot  
  135  9:17  Supply Depot  
  135  9:20  Marine x2  
  135  9:21  Marine x2, Marauder x2  
  135  9:22  Marauder  
  145  9:25  Supply Depot  
  127  9:36  Widow Mine x2  
  130  9:42  Marine  
  130  9:43  Marauder x2  
  129  9:46  Marine x3, Marauder  
  131  10:00  Marine  
  131  10:02  Barracks  
  131  10:03  Barracks x2  
  131  10:04  Marine x2, Marauder  
Tags
 
Add a new tag
Caveats
  • Supply blocks, unpowered buildings, or Contaminate may cause inaccurate times.
  • Supply counts are checked every 10 seconds.